Map: Cyber Forest LE

Players

CRONOS

  • Race: Zerg Zerg
  • League: Master
  • Spawn Location: 11:00

Mez - Winner!

  • Race: Terran Terran
  • League: Master
  • Spawn Location: 5:00

VOD

Have the link to the VOD?

Description

Time

  • Played on: Aug. 11, 2019, 10:11 a.m.
  • Length: 10:46
Show
View Real Time Build Order
Export as new Build Order

CRONOS Zerg 

Build Orders: Hatch First 

Get SALT Encoding   

  12  0:01  Drone  
  13  0:12  Overlord  
  13  0:17  Drone  
  14  0:31  Drone x2  
  16  0:36  Drone  
  17  0:55  Drone  
  18  0:58  Hatchery  
  18  1:01  Drone  
  18  1:10  Extractor  
  17  1:16  Spawning Pool  
  17  1:17  Drone  
  17  1:20  Drone  
  18  1:29  Drone  
  19  1:40  Overlord  
  19  2:02  Zergling x2  
  19  2:03  Zergling x2, Queen  
  23  2:11  Queen  
  23  2:12  Metabolic Boost  
  23  2:13  Drone  
  23  2:14  Drone  
  27  2:39  Drone x4  
  31  2:44  Overlord  
  31  2:48  Queen  
  33  2:54  Overlord  
  33  2:56  Drone x2  
  35  3:04  Drone  
  36  3:13  Drone x2  
  36  3:14  Drone x2  
  39  3:22  Overlord  
  39  3:24  Drone  
  39  3:26  Queen  
  42  3:31  Lair  
  42  3:33  Roach Warren  
  41  3:35  Drone x2  
  41  3:39  Extractor  
  42  3:44  Drone x5  
  45  3:57  Extractor  
  45  4:02  Overlord  
  44  4:03  Overlord  
  44  4:06  Evolution Chamber  
  44  4:07  Evolution Chamber  
  44  4:09  Queen  
  44  4:12  Drone x4  
  48  4:26  Overlord  
  48  4:27  Overlord  
  48  4:28  Glial Reconstitution  
  48  4:30  Roach x3  
  54  4:32  Roach  
  54  4:36  Roach  
  58  4:40  Overseer  
  58  4:56  Spore Crawler  
  58  4:57  Zerg Missile Weapons Level 1  
  57  5:01  Drone  
  57  5:05  Drone x4  
  62  5:09  Hatchery  
  62  5:10  Drone  
  62  5:31  Drone x5  
  60  5:37  Drone  
  53  5:43  Drone  
  53  6:01  Drone  
  53  6:15  Drone x4  
  44  6:33  Drone x5  
  47  6:43  Drone x3  
  50  6:48  Drone x3  
  53  6:59  Roach x5  
  63  7:05  Extractor  
  63  7:07  Zerg Ground Armor Level 1  
  62  7:09  Drone  
  62  7:11  Drone  
  62  7:14  Drone x3  
  67  7:36  Spore Crawler  
  61  7:41  Spore Crawler  
  61  7:42  Spore Crawler  
  59  7:49  Baneling Nest  
  58  7:52  Drone  
  58  7:54  Zerg Melee Weapons Level 1  
  58  7:55  Drone x12  
  58  7:56  Drone  
  72  8:01  Drone x2  
  72  8:02  Drone  
  72  8:04  Drone  
  76  8:10  Drone x2  
  76  8:17  Drone x2  
  78  8:26  Drone x3, Extractor  
  72  8:27  Extractor  
  72  8:30  Zergling x6  
  74  8:38  Zergling x10  
  79  8:43  Zergling x8  
  83  8:49  Baneling x2  
  83  8:50  Zergling x2  
  84  8:56  Centrifical Hooks  
  75  9:03  Zergling x2  
  75  9:07  Zergling x16  
  67  9:17  Zergling x2  
  67  9:18  Zergling x4  
  56  9:26  Zergling x6  
  52  9:33  Drone x3  
  55  9:44  Drone x3  
  58  9:46  Queen  
  58  9:51  Drone x2  
  62  9:58  Drone x3  
  63  10:03  Queen  
  65  10:12  Baneling  
  65  10:13  Baneling x8  
  65  10:15  Baneling x2  
  65  10:16  Baneling  
  65  10:20  Zergling x2  
  65  10:21  Zergling x4  
  68  10:27  Zergling x8  
Show
View Real Time Build Order
Export as new Build Order

Mez Terran - Winner!

Build Orders: Liberator Opening, Reaper Expand 

Get SALT Encoding   

  12  0:00  SCV  
  13  0:13  SCV  
  14  0:17  Supply Depot  
  14  0:25  SCV  
  15  0:39  SCV  
  15  0:41  Barracks  
  16  0:45  Refinery  
  16  0:51  SCV  
  17  1:03  SCV  
  18  1:17  SCV  
  19  1:29  Orbital Command  
  19  1:30  Reaper  
  20  1:41  Command Center  
  20  1:49  Supply Depot  
  20  1:55  SCV  
  21  2:05  Marine  
  22  2:11  SCV  
  22  2:13  Factory  
  22  2:15  Refinery  
  23  2:23  SCV  
  24  2:41  SCV  
  25  2:48  Barracks Reactor  
  25  2:53  SCV  
  25  2:54  Orbital Command  
  28  2:58  Hellion  
  28  3:00  Starport  
  28  3:07  SCV  
  29  3:14  Supply Depot  
  29  3:19  SCV  
  30  3:20  SCV  
  30  3:23  Liberator  
  31  3:29  Hellion x2  
  31  3:31  Barracks Tech Lab  
  35  3:37  SCV x2  
  39  3:50  SCV x2  
  41  4:00  Supply Depot  
  41  4:02  SCV x2  
  43  4:03  Stimpack  
  43  4:10  Liberator  
  43  4:12  Hellion  
  43  4:13  Hellion  
  43  4:14  SCV  
  48  4:20  SCV  
  49  4:26  Supply Depot  
  49  4:30  SCV  
  53  4:32  SCV  
  54  4:45  SCV  
  54  4:46  SCV  
  54  4:48  Command Center  
  54  4:49  Supply Depot  
  56  4:58  SCV x2  
  58  5:01  Factory Reactor  
  58  5:03  Marine  
  58  5:04  Barracks  
  58  5:05  Barracks  
  59  5:10  SCV  
  59  5:12  Starport Reactor  
  60  5:17  SCV  
  61  5:22  SCV  
  61  5:27  Marauder  
  64  5:29  SCV  
  61  5:44  Widow Mine x2  
  61  5:45  Liberator x2  
  58  5:59  Marine x2, Supply Depot  
  58  6:00  SCV x2, Supply Depot  
  57  6:12  SCV x2  
  57  6:17  Marine x2  
  48  6:28  Marine x2  
  46  6:34  SCV x2  
  47  6:40  Supply Depot x2  
  47  6:42  Supply Depot  
  47  6:44  Orbital Command  
  46  6:49  Factory Tech Lab  
  46  6:53  Marine x2  
  46  6:54  Combat Shield, Marine x3  
  49  6:59  Medivac x2  
  49  7:00  SCV x2  
  57  7:01  Refinery  
  57  7:05  Engineering Bay  
  57  7:06  Engineering Bay  
  57  7:12  SCV  
  57  7:13  SCV  
  59  7:17  SCV  
  60  7:24  Refinery, SCV  
  60  7:25  SCV  
  63  7:31  Marine x4  
  63  7:32  Marine, Medivac x2  
  63  7:35  Supply Depot  
  63  7:37  SCV x2  
  73  7:45  Siege Tank  
  73  7:49  SCV x2, Marine x3  
  81  8:01  SCV x2  
  81  8:02  Orbital Command  
  81  8:04  Marine x2  
  85  8:07  Marine, Terran Infantry Weapons Level 1  
  85  8:08  Terran Infantry Armor Level 1  
  85  8:09  Supply Depot  
  85  8:10  Barracks x2  
  83  8:13  SCV  
  83  8:15  Marine x2  
  83  8:21  Medivac x2  
  83  8:22  Marine x2  
  89  8:29  SCV x3  
  92  8:40  Marine x4  
  92  8:41  SCV x3, Marine  
  99  8:45  Supply Depot  
  99  8:46  Siege Tank, Supply Depot  
  103  8:53  SCV  
  104  9:02  Marine  
  102  9:03  Marine x2  
  102  9:04  Barracks Reactor, Barracks Tech Lab  
  98  9:21  Marine x3  
  98  9:22  Siege Tank, Marine x2, Medivac x2  
  98  9:23  SCV x3  
  105  9:35  SCV x2, Marine  
  108  9:38  Concussive Shells  
  108  9:39  Marine x5  
  108  9:40  SCV  
  108  9:43  Command Center  
  108  9:44  Supply Depot  
  114  9:46  Supply Depot x2  
  114  9:47  SCV x2  
  114  9:52  SCV  
  117  9:53  Marine x3  
  117  9:55  Siege Tank  
  117  9:57  Marine x2  
  117  9:58  Medivac  
  127  10:00  Factory  
  127  10:03  Marine x3  
  130  10:12  Marine x3  
  130  10:13  Medivac  
  135  10:15  Marine x2  
  137  10:26  Marine x3  
Tags
 
Add a new tag
Caveats
  • Supply blocks, unpowered buildings, or Contaminate may cause inaccurate times.
  • Supply counts are checked every 10 seconds.